 Dungeon Crawl Stone Soup version 0.19-a0-1254-gb9c29c0 (webtiles) character file.

2459357 araganzar the Spry (level 27, 152/152 HPs)
             Began as a Vine Stalker Monk on Aug 7, 2016.
             Was the Champion of Dithmenos.
             Escaped with the Orb
             ... and 4 runes on Aug 27, 2016!
             The game lasted 05:18:01 (66321 turns).

araganzar the Spry (Vine Stalker Monk)             Turns: 66321, Time: 05:18:02

Health: 152/152    AC: 35    Str: 30    XL:     27
Magic:  37/50      EV: 36    Int: 20    God:    Dithmenos [******]
Gold:   6060       SH:  0    Dex: 32    Spells: 16 memorised, 0 levels left

rFire  + + +     SeeInvis +     a - +5 pair of quick blades "Gyre" and "Gimble" {pierce, Dex-3}
rCold  + + .     Gourm    .     g - +2 pearl dragon armour of the Tormentor {rN+ Str+4 Dex+4, rN+}
rNeg   + + +     Faith    .     (shield currently unavailable)
rPois  +         Spirit   +     T - +0 helmet "Hufulaf" {rElec rN+}
rElec  +         Dismiss  .     S - +2 cloak {rPois}
rCorr  +         Reflect  .     y - +2 pair of gloves {Str+3}
MR     ++...     Harm     .     q - +2 pair of boots
Stlth  ++++......               A - amulet of Atic {Fragile rPois rF++ Regen+ MP+9}
                                t - ring "Ysen" {rF+ rN+ MR- Int+3 Dex+4 SInv}
                                N - ring of Naaqush {+Fly rF+ rC+ rN+ Stlth-}

@: mighty, brilliant, agile, resistant, flying, very slightly contaminated,
wreathed by umbra, repel missiles, invisible
A: fangs 3, hooves 1, iridescent scales 1, camouflage 1, clumsy 1, regeneration
3, magic shield, antimagic bite, no device heal 3, rot immunity
a: Shadow Step, Shadow Form, Renounce Religion
0: Orb of Zot
}: 4/15 runes: decaying, slimy, silver, gossamer


You escaped.
You worshipped Dithmenos.
Dithmenos was exalted by your worship.
You were not hungry.

You visited 12 branches of the dungeon, and saw 58 of its levels.
You visited 1 bazaar.
You also visited: Ice Cave and Wizlab.

You collected 8974 gold pieces.
You spent 2914 gold pieces at shops.


Innate Abilities, Weirdness & Mutations

You have razor-sharp teeth.
You regenerate.
When hurt, damage is shared between your health and your magic reserves.
Your bite disrupts and absorbs the magic of your enemies.
Potions and wands cannot restore your health.
You are immune to rotting.
You have large cloven feet.
You are partially covered in iridescent scales. (AC +2)
Your skin changes colour to match your surroundings (Stealth+).
You are clumsy. (Dex -2)


   Skills:
 + Level 18.3 Fighting
 - Level 9.8(13.3) Short Blades
 - Level 14.5(15.5) Long Blades
 + Level 17.4 Armour
 + Level 18.4 Dodging
 - Level 15.0 Stealth
   Level 5.1 Shields
 - Level 13.5 Spellcasting
 - Level 7.8 Conjurations
 - Level 15.2 Hexes
 - Level 2.7 Charms
 - Level 12.2 Summonings
 - Level 9.0 Translocations
 - Level 3.7 Transmutations
 - Level 7.2 Ice Magic
 - Level 10.1 Air Magic
 - Level 3.7 Earth Magic
   Level 5.2 Poison Magic
 - Level 11.9 Evocations


You couldn't memorise any spells.
You knew the following spells:

 Your Spells              Type           Power        Failure   Level  Hunger
a - Shroud of Golubria    Chrm/Tloc      #####.....   1%          2    None
b - Corpse Rot            Necr           N/A          1%          2    None
c - Summon Forest         Summ/Tloc      ######....   1%          5    ####...
d - Dazzling Spray        Conj/Hex       ######       1%          3    None
e - Passage of Golubria   Tloc           N/A          1%          4    None
f - Cause Fear            Hex            ######....   1%          4    None
g - Summon Mana Viper     Hex/Summ       ######..     1%          5    ####...
h - Summon Lightning Spi  Summ/Air       ######..     1%          4    None
i - Invisibility          Hex            ######..     1%          6    #####..
j - Metabolic Englaciati  Hex/Ice        ######....   1%          5    ####...
l - Blink                 Tloc           N/A          1%          2    None
o - Apportation           Tloc           ######....   1%          1    None
s - Silence               Hex/Air        ######....   1%          5    ####...
w - Passwall              Tmut/Erth      #####.....   1%          2    None
B - Summon Butterflies    Summ           ######..     1%          1    None
R - Repel Missiles        Chrm/Air       ######       1%          2    None

Inventory:

Hand Weapons
 a - the +5 pair of quick blades "Gyre" and "Gimble" (weapon) {pierce, Dex-3}
   (You found it on level 15 of the Dungeon)

   It inflicts extra damage upon your enemies.
   It affects your dexterity (-3).
 b - the +7 captain's cutlass {speed, disarm}
   (You took it off a deep elf death mage on level 3 of the Elven Halls)

   Attacks with this weapon are significantly faster.
 w - the +7 Singing Sword
   (You found it on level 3 of the Elven Halls)
Missiles
 z - 4 throwing nets (quivered) {=f, !d}
Armour
 g - the +2 pearl dragon armour of the Tormentor (worn) {rN+ Str+4 Dex+4, rN+}
   (You bought it in a shop on level 2 of the Orcish Mines)

   It affects your strength (+4).
   It affects your dexterity (+4).
   It protects you from negative energy.
 q - a +2 pair of boots (worn)
   (You found it on level 9 of the Dungeon)
 y - a +2 pair of gloves of strength (worn)
   (You found it on level 4 of the Vaults)
 S - a +2 cloak of poison resistance (worn)
   (You took it off a draconian annihilator on level 5 of the Depths)
 T - the +0 helmet "Hufulaf" (worn) {rElec rN+}
   (You found it on level 14 of the Dungeon)

   It insulates you from electricity.
   It protects you from negative energy.
Rods
 M - a +7 rod of shadows (13/13)
   (You found it in a wizard's laboratory)
 R - a +7 lightning rod (16/16)
   (You found it on level 1 of the Lair of Beasts)
Jewellery
 e - a +6 ring of evasion
   (You found it on level 1 of the Vaults)
 o - an uncursed ring of resist corrosion
   (You found it on level 1 of the Vaults)
 t - the ring "Ysen" (right hand) {rF+ rN+ MR- Int+3 Dex+4 SInv}
   (You took it off a yaktaur on level 5 of the Vaults)

   [ring of positive energy]

   It affects your intelligence (+3).
   It affects your dexterity (+4).
   It protects you from fire.
   It protects you from negative energy.
   It affects your resistance to hostile enchantments.
   It lets you see invisible.
 A - the amulet of Atic (around neck) {Fragile rPois rF++ Regen+ MP+9}
   (You found it on level 3 of the Crypt)

   [amulet of regeneration]

   It greatly protects you from fire.
   It protects you from poison.
   It affects your magic capacity (+9).
   It increases your rate of regeneration.
   It will be destroyed if unequipped.
 I - a +4 ring of slaying
   (You took it off a deep elf mage on level 3 of the Elven Halls)
 N - the ring of Naaqush (left hand) {+Fly rF+ rC+ rN+ Stlth-}
   (You found it on level 3 of the Crypt)

   [ring of positive energy]

   It protects you from fire.
   It protects you from cold.
   It protects you from negative energy.
   It lets you fly.
   It makes you less stealthy.
Wands
 B - a wand of digging (12/24)
   (You found it on level 6 of the Dungeon)
 H - a wand of paralysis (16/24)
   (You found it on level 4 of the Lair of Beasts)
 P - a wand of acid (11/15)
   (You found it on level 14 of the Dungeon)
Scrolls
 d - 9 scrolls of teleportation
 p - 18 scrolls of identify
 E - 5 scrolls of fog
 F - 5 scrolls of fear
 L - 14 scrolls of remove curse
 Q - 10 scrolls of blinking {!r}
Potions
 f - 18 potions of curing
 n - 9 potions of flight
 s - 2 potions of brilliance
 u - 2 potions of cure mutation {!q}
 C - 2 potions of invisibility
 D - 2 potions of cancellation
 G - 6 potions of ambrosia
 O - 4 potions of magic
 W - 4 potions of agility
Miscellaneous
 h - a phantom mirror
 j - a fan of gales
   (You found it on level 5 of the Vaults)
 k - a disc of storms
   (You found it on level 5 of the Vaults)
 m - a sack of spiders
 J - a phial of floods
   (You found it on level 10 of the Dungeon)
Comestibles
 c - 27 bread rations {@e1}
 x - 14 meat rations {@e2}

#.........#........
#.........#..######
###'♣♣#♣#.##.#.....
♣♣#♣#....>....##.#.####
#......................
#.▒▒▒▒▒▒▒▒▒.).##...####
♣.♣...♣.......##...#
#......8...........####
#♣.....@............#...
#...♣.S.R...............
♣...................#.##
#..▒▒▒▒▒▒▒▒▒..♣.......#
#.............#....#..#
♣.♣#####♣#..♣.######..#
#.# #..#.# #..# #.#
#).#.# #..# #.# ###..#.#
#..#


You could see a friendly dryad, a friendly mana viper and a friendly lightning
spire.


Message History

You feel clever all of a sudden.
You fade into invisibility!
You are very lightly contaminated with residual magic.
You feel agile all of a sudden. The rat completely misses you.
You feel very buoyant.
You fly up into the air.
The rat closely misses you.
You feel protected. The rat completely misses you.
Your magic is already full.
Okay, then.
A forested plane collides here with a resounding crunch!
Your dryad calls out to the forest.
The forest starts to sway and rumble!
The rat completely misses you.
You now have 45/50 mp.
Unknown command.
An electric hum fills the air.
The rat completely misses you.
You now have 41/50 mp.
Unknown command.
A mana viper appears with a sibilant hiss.
The rat misses you.
Your dryad hits the rat!
The rat dies!
Dithmenos accepts your kill.
You now have 37/50 mp.
Unknown command.
Okay, then.
Unknown command.
Branches wave dangerously above you.
You have escaped!

Action                   |  1- 3 |  4- 6 |  7- 9 | 10-12 | 13-15 | 16-18 | 19-21 | 22-24 | 25-27 || total
-------------------------+-------+-------+-------+-------+-------+-------+-------+-------+-------++-------
Melee: Falchion          |    74 |   147 |    77 |       |       |       |       |       |       ||   298
       Bite              |    31 |    56 |    83 |   325 |   737 |   837 |  1017 |  1852 |  2484 ||  7422
       Dagger            |    29 |    28 |   187 |   926 |  1763 |    25 |       |       |       ||  2958
       Pair of quick bla |       |       |       |       |       |  1694 |  1556 |  2549 |  3513 ||  9312
       Cutlass           |       |       |       |       |       |       |     4 |    52 |    36 ||    92
       Double sword      |       |       |       |       |       |       |       |    27 |       ||    27
Throw: Tomahawk          |       |       |    10 |    10 |       |       |       |       |       ||    20
       Throwing net      |       |       |       |     2 |    12 |     5 |     1 |     1 |     4 ||    25
 Cast: Shroud of Golubri |       |       |       |       |       |     5 |       |     3 |       ||     8
       Repel Missiles    |       |       |       |       |       |       |     5 |     4 |     2 ||    11
       Silence           |       |       |       |       |       |       |       |       |     5 ||     5
       Corpse Rot        |       |       |       |       |       |       |       |       |     1 ||     1
       Summon Mana Viper |       |       |       |       |       |       |       |       |     9 ||     9
       Invisibility      |       |       |       |       |       |       |       |       |     8 ||     8
       Summon Forest     |       |       |       |       |       |       |       |       |     2 ||     2
       Blink             |       |       |       |       |       |       |       |       |     1 ||     1
       Summon Lightning  |       |       |       |       |       |       |       |       |     1 ||     1
Invok: Shadow Step       |       |       |       |     2 |     1 |     1 |       |     1 |       ||     5
Evoke: Phial of floods   |       |       |       |     1 |       |     1 |       |       |     1 ||     3
       Rod               |       |       |       |     6 |    36 |     6 |    11 |       |     4 ||    63
       Wand              |       |       |       |     1 |     1 |     3 |     1 |     1 |     9 ||    16
       Fan of gales      |       |       |       |       |       |     1 |       |       |       ||     1
       Phantom mirror    |       |       |       |       |       |       |       |       |     1 ||     1
  Use: Scroll            |       |     6 |    12 |    24 |     8 |    17 |     9 |     7 |    24 ||   107
       Potion            |       |       |       |     2 |     2 |     9 |       |     1 |    21 ||    35
 Stab: Sleeping          |     6 |     7 |    10 |    58 |    80 |    85 |    36 |    57 |    62 ||   401
       Distracted        |       |       |     3 |     1 |    12 |     9 |    11 |     5 |    25 ||    66
       Held in net/web   |       |       |       |     2 |    10 |     2 |     2 |     2 |     3 ||    21
       Paralysed         |       |       |       |       |       |       |     1 |       |       ||     1
       Invisible         |       |       |       |       |       |       |       |       |    57 ||    57
  Eat: Chunk             |     2 |     5 |     9 |    18 |    28 |    22 |    12 |    19 |    20 ||   135
       Fruit             |       |     1 |     1 |     2 |       |     6 |       |     2 |     4 ||    16
       Beef jerky        |       |       |       |     1 |     1 |     2 |     1 |       |    10 ||    15
       Bread ration      |       |       |       |     1 |       |       |       |       |       ||     1
       Royal jelly       |       |       |       |       |       |     1 |       |     2 |     1 ||     4
       Pizza             |       |       |       |       |       |     6 |     2 |     4 |     2 ||    14
       Meat ration       |       |       |       |       |       |       |     2 |       |     4 ||     6
Armor: Robe              |    15 |     1 |       |     7 |   113 |       |       |       |       ||   136
       Leather armour    |       |    33 |    22 |    37 |       |       |       |       |       ||    92
       Troll leather arm |       |       |       |    19 |       |       |       |       |       ||    19
       Ring mail         |       |       |       |       |    59 |   117 |       |       |       ||   176
       Swamp dragon armo |       |       |       |       |       |   126 |       |       |       ||   126
       Pearl dragon armo |       |       |       |       |       |    75 |   213 |   352 |   451 ||  1091
Dodge: Dodged            |    54 |    98 |   159 |   352 |   655 |   802 |   696 |  1657 |  1877 ||  6350
       Deflected         |       |       |       |       |       |       |    13 |     6 |    17 ||    36
Block: Other             |       |       |    11 |    13 |       |    84 |    39 |       |       ||   147
       Reflection        |       |       |     1 |     4 |    10 |       |     6 |       |       ||    21
       Buckler           |       |       |       |   151 |   419 |     2 |       |       |       ||   572

Vault maps used:
D:1:      minmay_arrival_semitransparent
D:2:      minivault_27
D:3:      xom_teletrap_fun
D:4:      hangedman_feature_mirror, uniq_menkaure
D:5:      first_bread
D:6:      serial_shops, nicolae_shop_stone, kennysheep_little_box,
          nicolae_shop_crystal, cheibriados_altar_1, uniq_pikel
D:7:      black_bear_nest_2
D:8:      grunt_livestock, nicolae_ashenzari_panopticon
D:9:      lemuel_crystal_altar, erik_lair_island
D:10:     nicolae_zen_rock_garden, lemuel_flame_loot_1
D:11:     david_orc_2, serial_shops, shop_statue, uniq_harold
D:12:     serial_co_window_serial, co_window_of_opportunity_a,
          co_window_corner_a, co_window_of_opportunity_a, co_window_paths_a,
          co_window_of_opportunity_a, co_window_unsneaky_path_c,
          co_window_broadway_c, co_window_corner_cb, co_window_2corner,
          co_window_cross_2, co_window_broadway_a, co_window_2corner,
          uniq_josephine
D:13:     minmay_wavy_crystal
D:14:     hangedman_vaults_entry_quadrant_bands,
          grunt_dithmenos_smoke_and_mirrors, special_room,
          hangedman_abyss_or_decor_stagger
D:15:     gammafunk_enter_depths_forms, nicolae_tso_carved_into_rock,
          basic_altar
Temple:   compressed_dpeg_circular_temple
Lair:1:   basic_altar, pond
Lair:2:   spider_nest_entry_a
Lair:3:   nicolae_swamp_entry_splash_gauntlet
Lair:5:   minmay_slime_entry_oklob_open, serial_bayou, serial_bayou_lagoon_a,
          serial_bayou_pond_a, serial_bayou_pond_b, serial_bayou_pond_e
Lair:6:   evil_forest, grunt_megastairs_3, uniq_rupert
Swamp:1:  evilmike_swamp_ruin_house_6
Swamp:2:  portal_ice_cave_entry_pillars_four, hangedman_swamp_ruin_wall,
          uniq_frances
Swamp:3:  hangedman_swamp_pad
Swamp:4:  swamp
Spider:2: uniq_agnes
Spider:3: spiders_nest_wasp_nest
Spider:4: spider_rune_water, guppyfry_spider_mini_1
Slime:1:  cheibrodos_slime_lost_civilization_5
Slime:2:  nicolae_slime_phagocytosis
Slime:4:  nicolae_slime_ancient_tower_intersection
Orc:1:    uniq_gastronok, uniq_maurice
Orc:2:    grunt_orc_community_town_hall, grunt_orc_community_big_house_2,
          grunt_orc_community_big_house_1, grunt_orc_community_house_2,
          grunt_orc_community_house_1, grunt_orc_community_house_1,
          grunt_orc_community_house_3, serial_shops, nicolae_shop_behind_doors,
          basic_altar
Elf:1:    elf_arrival_002, serial_shops, shop_fountains, mu_enter_wizlab_3,
          minmay_elf_sorcery, uniq_roxanne
Elf:2:    uniq_jorgrun
Elf:3:    minmay_elf_hall_statues, solitary_fountain, grunt_ministairs_2,
          roderic_roman_lattice, nicolae_elf_stair_hall, uniq_bai_suzhen
Vaults:1: vaults_room_octagon, v_misc_14, v_misc_18,
          nicolae_vaults_border_crossing, nicolae_vaults_diagonal_hallway_8,
          hangedman_vaults_impose, ontoclasm_vaults_decontamination,
          vaults_mumra_minichess_inversion, vaults_mumra_chevron,
          ontoclasm_vaults_chip, serial_shops, bzr_entry_islet
Vaults:2: v_pattern_4, v_misc_15, nicolae_vaults_theta,
          minmay_crypt_entry_nasty_monster, vaults_room_hangedman_quadrants,
          v_rooms_2, ontoclasm_vaults_hangar, vaults_dpeg_diagonal,
          hangedman_vaults_capsules, ontoclasm_vaults_twist,
          grunt_vaults_hallway_long, serial_shops, shop, uniq_sojobo,
          uniq_xtahua
Vaults:3: vaults_room_hallway, vaults_room_large_hall, vaults_mumra_minichess,
          nicolae_vaults_network_quinsquares, grunt_vaults_focal,
          dpeg_vaults_monster_box, hangedman_vaults_nodes,
          nicolae_vaults_diagonal_hallway_9, hangedman_vaults_cutoff,
          nicolae_vaults_puzzle_piece, nicolae_vaults_specimen_jars,
          vaults_dpeg_encased_lava
Vaults:4: nicolae_vaults_little_squares_4, ontoclasm_vaults_ring_small,
          v_pattern_5, ontoclasm_vaults_ring_large, hangedman_vaults_slither,
          nicolae_vaults_network_quincunx, vaults_room_pools,
          vaults_room_corners, grunt_vaults_funnel, serial_shops, shop
Vaults:5: serial_shops, uniq_frederick
Crypt:1:  basic_loot_grate_trap, roderic_lattice_octagonal_star, uniq_boris
Crypt:2:  hangedman_weighted_door
Crypt:3:  lightli_unholy_cathedral, tomb_entry_forgotten_bobbens, uniq_jory,
          uniq_boris
Depths:1: grunt_hell_entry_dis_mu, abyss_entry, st_stairs_8, evilmike_butchery
Depths:2: kennysheep_windowed_halls, enter_ziggurat_f,
          hangedman_abyss_or_decor_passed, hell_entry, grunt_ministairs_10
Depths:3: minmay_strange_plus, rand_demon_pan_entry_1, minmay_splitting_lines,
          pf_hell_entry_tar_river, nicolae_abyss_entry_one_way_or_another,
          grunt_ministairs_15, kennysheep_opposing_triangles
Depths:4: grunt_profane_halls, hell_entry, abyss_entry
Depths:5: evilmike_zot_entry_basic, grunt_mini_vestibule, pan_entry,
          special_room, minmay_misc_feat_enclosed, dk_noncrumbling_3,
          uniq_mennas
Zot:1:    lemuel_draconian_sentries_small
Zot:3:    lemuel_halls_of_wrath, hangedman_zot_decor_tridents, nrook_zot_tub
Zot:4:    hangedman_zot_wheel_spokes, grunt_ministairs_1
Zot:5:    grunt_ministairs_14
Bazaar:   bazaar_kb_twisted_cavern
IceCv:    ice_cave_small_demon
WizLab:   wizlab_demon

Notes
Turn   | Place    | Note
-------+----------+-------------------------------------------
     0 | D:1      | araganzar the Vine Stalker Monk began the quest for the Orb.
     0 | D:1      | Reached XP level 1. HP: 11/11 MP: 2/2
     0 | D:1      | araganzar: wow myluck
     0 | D:1      | Elitist: Piercing ffs.
   125 | D:1      | araganzar: fucking 3 gnolls with magic spears
   125 | D:1      | araganzar: and that was the only way out of D2
   125 | D:1      | araganzar: allt hree stair weret here
   125 | D:1      | araganzar: I had to take trog
   255 | D:1      | araganzar: well I found 9HP
   268 | D:1      | Reached skill level 3 in Long Blades
   268 | D:1      | Reached XP level 2. HP: 16/16 MP: 4/4
  1054 | D:2      | Reached skill level 1 in Short Blades
  1054 | D:2      | Reached XP level 3. HP: 19/19 MP: 5/5
  1647 | D:2      | Reached XP level 4. HP: 20/23 MP: 6/6
  1850 | D:3      | Reached skill level 4 in Long Blades
  2060 | D:3      | Found a shimmering altar of Xom.
  2501 | D:4      | Reached XP level 5. HP: 27/27 MP: 7/7
  2563 | D:4      | Found a staircase to the Ecumenical Temple.
  2575 | Temple   | Entered the Ecumenical Temple
  2626 | Temple   | Became a worshipper of Dithmenos the Shadowed
  2626 | Temple   | Reached * piety under Dithmenos
  2626 | Temple   | Reached ** piety under Dithmenos
  2718 | D:4      | Reached skill level 5 in Long Blades
  2890 | D:4      | Reached skill level 3 in Stealth
  2890 | D:4      | Gained mutation: You heal very quickly. [Vine Stalker growth]
  2890 | D:4      | Reached XP level 6. HP: 29/32 MP: 8/8
  3052 | D:4      | Noticed Menkaure
  3185 | D:5      | Entered Level 5 of the Dungeon
  3318 | D:5      | Reached skill level 4 in Stealth
  3533 | D:5      | Reached skill level 3 in Dodging
  3544 | D:5      | Reached XP level 7. HP: 34/35 MP: 9/9
  3776 | D:6      | Found Botoh's Food Shop.
  4040 | D:6      | Reached skill level 5 in Stealth
  4066 | D:6      | Reached skill level 2 in Short Blades
  4122 | D:6      | Noticed Pikel
  4129 | D:6      | Elitist: Putting HP into perspective whil the whole game is a good way to play.
  4146 | D:6      | Killed Pikel
  4146 | D:6      | Reached skill level 3 in Short Blades
  4146 | D:6      | Reached skill level 4 in Dodging
  4146 | D:6      | Reached skill level 6 in Stealth
  4146 | D:6      | Gained mutation: You have razor-sharp teeth. [Vine Stalker growth]
  4146 | D:6      | Reached XP level 8. HP: 39/39 MP: 10/10
  4149 | D:6      | Elitist: It's 9HP, yeah. Right now, it's also an easy 1/6th of your max HP.
  4149 | D:6      | Elitist: Or, before, sorry.
  4149 | D:6      | araganzar: well it's nice with Vs because I usually have to train 2-3 SC to have more MP
  4214 | D:6      | Found Fueki's Assorted Antiques.
  4229 | D:6      | Bought a scroll of identify for 62 gold pieces
  4229 | D:6      | Bought a bubbling ruby potion for 27 gold pieces
  4229 | D:6      | Bought a scroll labeled WUNULE RORR for 31 gold pieces
  4229 | D:6      | Bought a scroll labeled PUUPHIERREM for 31 gold pieces
  4258 | D:6      | Reached skill level 7 in Stealth
  4325 | D:6      | Found a snail-covered altar of Cheibriados.
  4386 | D:6      | Reached skill level 4 in Short Blades
  4396 | D:6      | Elitist: Training invos isn't easier?
  4481 | D:6      | Reached skill level 5 in Dodging
  4486 | D:6      | Reached *** piety under Dithmenos
  4510 | D:6      | Found Pakkazxu's Antique Weapon Shop.
  4521 | D:6      | araganzar: no
  4521 | D:6      | araganzar: it's a lot less for invo or evo
  4521 | D:6      | araganzar: and you won't use invo for Dith for a long time
  4521 | D:6      | araganzar: but you'll probably eventuallyw ant a little SC
  4521 | D:6      | araganzar: going mad Evo is a good option for trog
  4686 | D:6      | araganzar: I am glad I spent 90gp on potions of deegn and scrolls of random uselessness
  4698 | D:6      | araganzar: and haev no rcurse
  4984 | D:7      | Reached XP level 9. HP: 43/43 MP: 11/11
  5034 | D:6      | Bought an ichor-stained falchion for 176 gold pieces
  5034 | D:6      | Identified the +5 falchion "Naci" {holy, *Drain rN+ Dex+5} (You bought it in a shop on level 6 of the Dungeon)
  5037 | D:6      | Elitist: It's yellow drain.
  5037 | D:6      | araganzar: fucking I drain
  5037 | D:6      | araganzar: I know but it's nice for now
  5037 | D:6      | araganzar: it would just be nice to be ablet o swap to stab
  5037 | D:6      | Elitist: What?
  5037 | D:6      | Elitist: It's a little bad.
  5037 | D:6      | araganzar: are you fucking high
  5037 | D:6      | araganzar: I am on D6
  5037 | D:6      | araganzar: +5 is powerful as fuck
  5037 | D:6      | araganzar: so is dex5 on a vs
  5037 | D:6      | Elitist: I'm drunk and high.
  5082 | D:7      | Elitist: I didn't see D:6.
  5085 | D:7      | Elitist: Fight me.
  5163 | D:7      | Reached skill level 8 in Stealth
  5455 | D:7      | Reached skill level 5 in Short Blades
  5457 | D:7      | araganzar: I will probably unwield it soon becasue dagger of elec
  5828 | D:8      | araganzar: YELLOW huh
  5895 | D:8      | Reached skill level 6 in Dodging
  5899 | D:8      | Found a shattered altar of Ashenzari.
  5977 | D:8      | Reached skill level 9 in Stealth
  6088 | D:8      | araganzar: centaur zapped me 4x wit lighting
  6088 | D:8      | araganzar: ukkk
  6202 | D:8      | araganzar: I need ARMORS
  6278 | D:8      | Reached skill level 6 in Short Blades
  6429 | D:8      | Noticed a troll
  6457 | D:8      | Killed a troll
  6457 | D:8      | Reached XP level 10. HP: 26/47 MP: 12/12
  6655 | D:8      | Reached skill level 3 in Fighting
  6667 | D:8      | Reached skill level 1 in Armour
  6732 | D:9      | Found a basalt altar of Yredelemnul.
  6986 | D:9      | Found a staircase to the Lair.
  7012 | D:9      | Identified a scroll of acquirement
  7013 | D:9      | Got a pair of brightly glowing gloves
  7019 | D:9      | Identified the -3 pair of gloves "Ysircheh" {Str-5 Int+5} (You acquired it on level 9 of the Dungeon)
  7045 | D:9      | araganzar: look at my acquiements
  7045 | D:9      | elmdor: evening
  7045 | D:9      | araganzar: I acquired a *DRAIN falchion
  7045 | D:9      | elmdor: ehe
  7045 | D:9      | araganzar: and -3 str-5 gloves
  7045 | D:9      | elmdor: I got a +0 hat last time
  7045 | D:9      | araganzar: and my def are bad
  7045 | D:9      | araganzar: hellabad
  7150 | D:9      | Reached **** piety under Dithmenos
  7151 | D:9      | araganzar: I could go Troll armour
  7259 | D:9      | Reached skill level 7 in Short Blades
  7311 | D:9      | Reached skill level 2 in Armour
  7430 | D:10     | Entered Level 10 of the Dungeon
  7446 | D:10     | Noticed a hill giant
  7465 | D:10     | araganzar: hmmmmm
  7494 | D:10     | Killed a hill giant
  7494 | D:10     | Reached skill level 1 in Shields
  7529 | D:10     | Reached skill level 2 in Shields
  7730 | D:10     | Reached skill level 3 in Shields
  7787 | D:10     | Noticed a hill giant
  7808 | D:10     | Killed a hill giant
  7808 | D:10     | Reached skill level 8 in Short Blades
  7843 | D:10     | Elitist: TDA isn't as good as it seems, I think.
  7960 | D:11     | Noticed Mekire's ghost (journeyman GrBe)
  7969 | D:11     | Elitist: Wait no that's wrong.
  7978 | D:11     | Noticed a green ugly thing
  7982 | D:11     | Elitist: You have a lot of regen though.
  8027 | D:10     | araganzar: well I had +0 leather or +0 ring
  8031 | D:11     | Reached skill level 4 in Shields
  8046 | D:11     | Elitist: Yeah.
  8048 | D:10     | Elitist: Mekire no,
  8081 | D:11     | Reached XP level 11. HP: 53/53 MP: 13/13
  8092 | D:11     | Noticed a green ugly thing
  8099 | D:11     | araganzar: hmmm I am not set to kill hydra
  8099 | D:11     | araganzar: but there are ugly things here
  8099 | D:11     | araganzar: I am in trouble
  8099 | D:11     | araganzar: I haevn't found damage wands or anything
  8099 | D:11     | araganzar: and AC is missing cloak and gloves
  8099 | D:11     | araganzar: which is bad for Vs
  8099 | D:11     | elmdor: could it be that you're in deep trouble?
  8103 | D:11     | araganzar: possibly
  8110 | D:11     | araganzar: FOR FUCKS SAKE
  8110 | D:11     | araganzar: mother fucker
  8110 | D:11     | araganzar: both woke up
  8110 | D:11     | Elitist: Read tele.
  8110 | D:11     | Elitist: And hope.
  8112 | D:11     | Found a staircase to the Orcish Mines.
  8118 | D:11     | Elitist: This is better.
  8121 | D:11     | Found Fumokya's Assorted Antiques.
  8128 | D:11     | elmdor: I wonder if you might get a hydra solution in orc
  8128 | D:11     | Bought a scroll labeled AFYICRIUMA for 21 gold pieces
  8128 | D:11     | Bought a grey potion for 18 gold pieces
  8128 | D:11     | Bought a dyed leather armour for 42 gold pieces
  8128 | D:11     | elmdor: you cant handle orc2 but there might be a shop in orc1
  8128 | D:11     | Elitist: Do you have something else to deal with elec resistant.
  8128 | D:11     | araganzar: blink?
  8128 | D:11     | Elitist: That blink is overpriced af.
  8128 | D:11     | Elitist: Blink is really good though.
  8128 | D:11     | Elitist: Do you see another shop?
  8128 | D:11     | Bought a scroll of blinking for 157 gold pieces
  8128 | D:11     | Elitist: If not,. yeah.
  8191 | D:11     | Noticed Harold
  8254 | D:11     | araganzar: WTF U am liosting piety just resting between kills too
  8254 | D:11     | Noticed a hill giant
  8295 | D:11     | Killed a hill giant
  8295 | D:11     | Reached skill level 5 in Shields
  8318 | D:11     | Noticed a cyclops
  8318 | D:11     | Killed Harold
  8318 | D:11     | Reached skill level 4 in Fighting
  8326 | D:11     | araganzar: danm
  8366 | D:11     | araganzar: man I wish I had invis
  8588 | D:10     | Reached skill level 9 in Short Blades
  8690 | D:10     | araganzar: man my training is good
  8690 | D:10     | araganzar: just no gear
  8889 | D:11     | Bought a scroll of identify for 42 gold pieces
  8905 | D:11     | Reached skill level 7 in Dodging
  9034 | D:11     | Elitist: Butter knifing is not a good idea.
  9041 | D:11     | araganzar: worst selemental
  9105 | D:11     | Elitist: The eleemental wasn't doing so much damage.
  9119 | D:11     | Elitist: Because Gr doesn't breathe.
  9209 | Orc:1    | Entered Level 1 of the Orcish Mines
  9252 | Orc:1    | Noticed Gastronok
  9262 | Orc:1    | araganzar: hmmm can I stab him
  9274 | Orc:2    | Entered Level 2 of the Orcish Mines
  9274 | Orc:2    | Noticed jasper's ghost (journeyman FoAK)
  9275 | Orc:2    | araganzar: ffff
  9342 | D:11     | Reached skill level 10 in Stealth
  9397 | Lair:1   | Entered Level 1 of the Lair of Beasts
  9409 | Lair:1   | Identified a +1 lightning rod (11/11) (You found it on level 1 of the Lair of Beasts)
  9619 | Lair:1   | Found a white marble altar of Elyvilon.
  9662 | Lair:1   | Reached skill level 5 in Fighting
  9733 | Lair:1   | Reached skill level 1 in Evocations
 10130 | Lair:1   | Reached skill level 2 in Evocations
 10683 | Lair:2   | Gained mutation: You regenerate. [Vine Stalker growth]
 10683 | Lair:2   | Reached XP level 12. HP: 28/60 MP: 15/15
 10690 | Lair:2   | Elitist: That should be a fucking.
 10703 | Lair:2   | Elitist: Learn DB quote for stealth.
 10710 | Lair:2   | Elitist: ??stealth
 10710 | Lair:2   | Found a hole to the Spider Nest.
 10712 | Lair:2   | beem: stealth[1/7]: Your character's ability to sneak around undetected. Base stealth is 3*dex + spf*SK_STEALTH, then modified as in {modified stealth}. spf is based on the species, ranging from 9 to 21. See [2] to determine stealth values; [3] for the @ adverbs; and [4] for what the numbers mean.
 10742 | Lair:2   | Elitist: A stealthy troll sounds terrifying.
 10768 | Lair:2   | Elitist: ??stealth[3
 10771 | Lair:2   | beem: stealth[3/7]: @ values are: extremely un 0, very un < 50, un < 100, fairly < 150, (no modifier) stealthy < 200, quite < 250, very < 300, extremely < 350, extraordinarily < 400, incredibly < 500, uncannily otherwise. (Pre-0.15 was more irregular.)
 10794 | Lair:2   | Reached skill level 3 in Evocations
 10807 | Lair:2   | Reached skill level 6 in Fighting
 10807 | Lair:2   | Reached skill level 8 in Dodging
 10917 | Lair:2   | Noticed a five-headed hydra
 10918 | Lair:2   | araganzar: hmmm
 10918 | Lair:2   | araganzar: i may need throwing or something
 10918 | Lair:2   | araganzar: I got nothign for this guy
 10918 | Lair:2   | araganzar: 10/18 def
 10918 | Lair:2   | Elitist: Or spell suppliment.
 10918 | Lair:2   | Elitist: No books?
 10918 | Lair:2   | Elitist: HA.
 10918 | Lair:2   | Elitist: FUCK.
 10918 | Lair:2   | Elitist: Go learn Pass Wall.
 10918 | Lair:2   | araganzar: would't be that helpful and would suck a lot of xp
 10944 | Lair:2   | Elitist: Passing a wall gives you a free action the moment you're done with it.
 10946 | Lair:3   | Elitist: IT's a great stealth spell.
 10946 | Lair:3   | araganzar: It's nice if you have ash or antennae
 10946 | Lair:3   | araganzar: I would not call it great if you have no spell investment in any of the schools yet.
 10946 | Lair:3   | Elitist: It's decent if you play stealth a bit slower.
 10959 | Lair:3   | Elitist: Hang by walls and don't approach every sleeping thing.
 10959 | D:11     | Elitist: Tedious, I will admit.
 10968 | Lair:2   | araganzar: lol dang
 10968 | Lair:2   | araganzar: same stair
 10968 | Lair:2   | elmdor: I think you're in trouble
 11135 | D:11     | Bought a scroll of identify for 42 gold pieces
 11229 | D:11     | araganzar: well I can about use lighting rod
 11229 | D:11     | araganzar: need about 5-6 evoke
 11244 | D:11     | Elitist: Lightning Rod is.
 11251 | D:11     | Elitist: Difficult.
 11274 | D:11     | araganzar: how so
 11352 | D:11     | Elitist: I have bad experiences with optimizing lightningt.
 11352 | D:11     | Elitist: As basic as it is.
 11356 | D:10     | Elitist: You'll want to reflect it.
 11356 | D:10     | araganzar: optimum is single blasts
 11356 | D:10     | araganzar: rod doesn't work that way
 11410 | D:12     | Reached skill level 1 in Spellcasting
 11565 | D:12     | Noticed Josephine
 11587 | D:12     | araganzar: WTF
 11587 | D:12     | araganzar: his blast heal them
 11589 | D:12     | Reached skill level 4 in Evocations
 11590 | D:12     | Killed Josephine
 11590 | D:12     | Reached skill level 2 in Spellcasting
 11591 | D:12     | araganzar: see
 11591 | D:12     | araganzar: lightning rod
 11739 | D:12     | araganzar: oh
 11739 | D:12     | araganzar: what shall we acquire
 11739 | D:12     | araganzar: weapon or armour
 11739 | D:12     | araganzar: here are my acquirements so far
 11741 | D:12     | Elitist: Oi sorry.
 11741 | D:12     | Elitist: MORG?
 11741 | D:12     | osuadh: shoulda gone wand
 11741 | D:12     | Elitist: Holy shit.
 11749 | D:12     | elmdor: decent
 11752 | D:12     | Elitist: Unpopular Opinion Time:
 11756 | D:12     | elmdor: except you now need necro
 11767 | D:12     | Noticed a death knight
 11774 | D:12     | Elitist: I think Morg is as good as a pain branded dagger.
 11776 | D:12     | elmdor: god stealth is so bad
 11776 | D:12     | araganzar: ffff death knight
 11782 | D:12     | Elitist: I don't think I can stay here with uh.
 11789 | D:12     | Elitist: All this.
 11792 | D:12     | Elitist: Later.
 11798 | D:12     | araganzar: Wow what was his problem
 11798 | D:12     | araganzar: TOO MANY PEOPLE NOT SAYING ANYHING
 11824 | D:12     | osuadh: what's the point of dith
 11824 | D:12     | elmdor: gee
 11830 | D:12     | osuadh: dith seems bad
 11834 | D:12     | araganzar: dith is very good
 11845 | D:12     | Killed a death knight
 11871 | D:12     | Reached skill level 5 in Evocations
 11880 | D:12     | Reached skill level 3 in Spellcasting
 11911 | D:12     | osuadh: in what way
 11911 | D:12     | araganzar: ??dith
 11911 | D:12     | beem: dithmenos[1/3]: God of shadows. Grants the player an {umbra} at * piety ala TSO's halo, {shadow step} at ** piety, {bleed smoke} at *** piety, a passive {shadow mimic}king your actions at **** piety, and {shadow form} at ***** piety.
 11926 | D:12     | osuadh: i'm familiar with the abilities
 11934 | D:12     | Got a faintly glowing quarterstaff {freeze}
 11935 | D:12     | osuadh: i just don't see how they're very good
 11935 | D:12     | araganzar: apparently you are not then
 11966 | D:12     | araganzar: umbra is quite strong and the mimicking is practically a 50% increase in anything you do
 11976 | D:12     | araganzar: wow
 11976 | D:12     | araganzar: my amulets
 11977 | D:12     | elmdor: the mimicking is great
 12064 | D:12     | elmdor: I wish the darkness boosted your ev
 12064 | D:12     | elmdor: but that's not gonna happen
 12064 | D:12     | araganzar: it does effectively
 12138 | D:12     | araganzar: ??umbra
 12138 | D:12     | beem: umbra[1/1]: An aura which doubles stealth, causes accuracy penalties and cancels out haloes. *+ Dithmenos worshippers and ***+ Yredelemnul worshippers are immune to the accuracy reduction. Produced by profane servitors, Dithmenos worshippers, and anyone who wears the {ring of shadows}.
 12138 | D:12     | elmdor: oh right it does resduce accuracy
 12255 | D:12     | Reached skill level 7 in Fighting
 12290 | D:12     | osuadh: i'd rather have oka
 12290 | D:12     | araganzar: yeah I have just had shit luck with LB
 12295 | D:12     | araganzar: crawl is not a "pick the best god every time" game
 12359 | D:12     | araganzar: I think Trog would probably win
 12399 | D:12     | araganzar: not sure tehre is a better god even for like FE
 12472 | Lair:1   | osuadh: i like winning
 12472 | Lair:1   | araganzar: should I buff this Troll armour
 12472 | Lair:1   | araganzar: well Dith is genreally considered a very good god for winning
 12472 | Lair:1   | araganzar: if you hate winning try chei
 12472 | Lair:1   | osuadh: i've tried
 12472 | Lair:1   | osuadh: i always die
 12472 | Lair:1   | osuadh: it works great
 12472 | Lair:1   | araganzar: doing something right then
 12472 | Lair:1   | osuadh: !hs . chei
 12472 | Lair:1   | beem: 22. osuadh the Wrestler (L23 TrMo of Cheibriados), shot by a deep elf master archer (arrow) (kmap: minmay_elf_hall_dome) on Elf:3 on 2016-04-30 06:17:05, with 482794 points after 60209 turns and 3:34:17.
 12472 | Lair:1   | osuadh: !hs . chei -2
 12472 | Lair:1   | beem: 21/22. osuadh the Black Belt (L14 OpTm of Cheibriados), slain by a death yak on Lair:6 (evilmike_catoblepas_cave) on 2016-06-11 19:20:34, with 54000 points after 28255 turns and 0:55:31.
 12490 | Lair:1   | osuadh: what is being renamed to butt?
 12500 | Lair:1   | osuadh: random stuff?
 12513 | Lair:1   | araganzar: yep
 12632 | Lair:2   | araganzar: wow
 12632 | Lair:2   | araganzar: NOT STRONG ENUFF
 12632 | Lair:2   | elmdor: I dont find chei that hard
 12633 | Lair:2   | osuadh: !lg elmdor chei won s=ch
 12633 | Lair:2   | beem: 7 games for elmdor (chei won): OgHu, MfSu, NaVM, FoTm, TrWz, FoGl, NaWr
 12638 | Lair:2   | osuadh: apparentlynot
 12639 | Lair:2   | Killed a five-headed hydra
 12639 | Lair:2   | Reached skill level 6 in Evocations
 12640 | Lair:2   | osuadh: !lg elmdor chei / won
 12660 | Lair:2   | beem: 7/40 games for elmdor (chei): N=7/40 (17.50%)
 12800 | Lair:2   | osuadh: !lg elmdor !chei / won
 12800 | Lair:2   | elmdor: I think I won a ghoul of chei on comborobin also
 12800 | Lair:2   | beem: 74/1462 games for elmdor (!chei): N=74/1462 (5.06%)
 13108 | Lair:3   | osuadh: !lg * chei / won
 13108 | Lair:3   | beem: 2472/78447 games for * (chei): N=2472/78447 (3.15%)
 13108 | Lair:3   | osuadh: !lg * !chei / won
 13136 | Lair:3   | beem: 43132/5918378 games for * (!chei): N=43132/5918378 (0.73%)
 13190 | Lair:3   | osuadh: chei > !chei apparently
 13190 | Lair:3   | araganzar: acquire what?
 13190 | Lair:3   | araganzar: i could use a quick blade
 13190 | Lair:3   | osuadh: still wand
 13190 | Lair:3   | araganzar: why
 13190 | Lair:3   | araganzar: I am vs
 13190 | Lair:3   | araganzar: best wand I get fucks me
 13190 | Lair:3   | elmdor: I guess a
 13190 | Lair:3   | elmdor: hope for qb
 13190 | Lair:3   | elmdor: you'll pry get +0 dagger of freezing tho
 13190 | Lair:3   | araganzar: maybe I will train up LB some more
 13310 | D:9      | araganzar: book of necro would be nice
 13510 | Lair:3   | Reached skill level 6 in Long Blades
 13646 | Lair:3   | Found a staircase to the Swamp.
 14030 | Lair:4   | araganzar: wekk picking up 6 AC didn't hurt
 14059 | Lair:4   | Reached XP level 13. HP: 64/67 MP: 19/19
 14075 | Lair:4   | Reached skill level 7 in Evocations
 14151 | Lair:4   | Reached ***** piety under Dithmenos
 14245 | Lair:4   | Reached skill level 7 in Long Blades
 14870 | Lair:5   | Reached skill level 8 in Evocations
 14997 | Lair:5   | Reached skill level 8 in Long Blades
 15241 | Lair:5   | Found a staircase to the Slime Pits.
 15961 | Lair:6   | Entered Level 6 of the Lair of Beasts
 15987 | Lair:6   | Reached skill level 9 in Evocations
 16003 | Lair:6   | Noticed Rupert
 16020 | Lair:6   | Reached skill level 9 in Long Blades
 16030 | Lair:6   | araganzar: No portals :(
 16030 | Lair:6   | araganzar: no portalst hrough orc and lair that's so bad
 16030 | Lair:6   | araganzar: no wonder I have no fukken gear
 16373 | Lair:6   | Reached XP level 14. HP: 56/72 MP: 22/22
 16648 | Lair:6   | Killed Rupert
 16648 | Lair:6   | Reached skill level 3 in Armour
 16665 | Lair:6   | Reached skill level 8 in Fighting
 17194 | Lair:6   | Found a burning altar of Makhleb.
 17213 | Lair:6   | Reached skill level 9 in Dodging
 17443 | Lair:6   | Found a gateway to Hell.
 17451 | Lair:6   | Reached skill level 11 in Stealth
 17466 | Lair:6   | araganzar: lol FUCK
 17733 | Lair:1   | elmdor: looks like you're almost over the hump
 17740 | Lair:1   | araganzar: no loot in lair
 17740 | Lair:1   | elmdor: if you can do that to a death yak
 17759 | Lair:1   | elmdor: have you acquired yet
 17759 | Lair:1   | elmdor: oh so you did acquire
 17759 | Lair:1   | araganzar: qb
 17759 | Lair:1   | araganzar: need a fukken brand
 17759 | Lair:1   | araganzar: check out the sweet maunal I got :(
 17842 | Orc:1    | Killed Gastronok
 17866 | Orc:1    | araganzar: didnt even have a magic hat
 17952 | Orc:1    | Reached ****** piety under Dithmenos
 17981 | Orc:1    | elmdor: hehe m+f
 18009 | Orc:1    | elmdor: manual of garbagio
 18044 | Orc:1    | Reached skill level 9 in Fighting
 18050 | Orc:1    | Noticed Maurice
 18064 | Orc:1    | Killed Maurice
 18380 | Orc:2    | Found a roughly hewn altar of Beogh.
 18508 | Orc:2    | Found a roughly hewn altar of Beogh.
 18515 | Orc:2    | Found Cedwaol's Armour Shoppe.
 18530 | Orc:2    | cerealjynx: ZA TORMETAH
 18530 | Orc:2    | araganzar: too bad it's just +2 but I think I'd wear it
 18530 | Orc:2    | araganzar: like +8 would be sweet
 18530 | Orc:2    | Bought a +0 pair of gloves for 67 gold pieces
 18530 | Orc:2    | cerealjynx: don;t you mean +8 would be +great
 18535 | Orc:2    | araganzar: +8 would be +o.O
 18647 | Orc:2    | Found a roughly hewn altar of Beogh.
 18724 | Orc:2    | Found a roughly hewn altar of Beogh.
 18822 | Orc:2    | Found a staircase to the Elven Halls.
 18869 | Orc:2    | Killed jasper's ghost
 18877 | Orc:2    | Found a roughly hewn altar of Beogh.
 18878 | Orc:2    | Found Delef's Magic Scroll Boutique.
 18941 | Orc:2    | Bought a scroll of identify for 24 gold pieces
 18943 | Orc:2    | Gained mutation: You are partially covered in iridescent scales. (AC +2) [potion of beneficial mutation]
 18944 | Orc:2    | Gained mutation: You have large cloven feet. [potion of beneficial mutation]
 18987 | Orc:2    | araganzar: shops SO BAD
 18987 | Orc:2    | araganzar: SO VERY BAD
 18987 | Orc:2    | araganzar: no shops no portals
 18987 | Orc:2    | araganzar: how do you not get a single portal thorugh orc
 19019 | Orc:2    | Found Useuwineg's Weapon Boutique.
 19022 | Orc:2    | araganzar: lol goDDAMIt
 19022 | Orc:2    | araganzar: FROSTBITE
 19022 | Orc:2    | araganzar: for 988 gold
 19117 | Orc:2    | Noticed an orc warlord
 19443 | Orc:2    | Reached skill level 12 in Stealth
 19637 | Orc:2    | Killed an orc warlord
 19637 | Orc:2    | Reached XP level 15. HP: 76/79 MP: 23/23
 19651 | Orc:2    | Found Ykiwk's Antique Weapon Emporium.
 19653 | Orc:2    | Found a roughly hewn altar of Beogh.
 19659 | Orc:2    | Found Ogipniga's Antique Armour Shoppe.
 19664 | Orc:2    | araganzar: UGH
 19664 | Orc:2    | araganzar: THESE SHOPS
 19664 | Orc:2    | araganzar: UGHSJHDKS:JS:GJSG:
 19664 | Orc:2    | araganzar: ANTIQUE ANQITUE ANTIQUE
 19664 | Orc:2    | Bought a runed buckler for 117 gold pieces
 19681 | Orc:2    | araganzar: annnd a terrible weapon sho
 19681 | Orc:2    | araganzar: no books no jewelry
 20114 | D:12     | Reached skill level 4 in Armour
 20415 | D:13     | Reached skill level 10 in Dodging
 21206 | D:13     | Reached skill level 5 in Armour
 21267 | D:14     | Found a shadowy altar of Dithmenos.
 21339 | D:14     | Learned a level 1 spell: Apportation
 21342 | D:14     | Learned a level 2 spell: Blink
 21345 | D:14     | Learned a level 2 spell: Shroud of Golubria
 21452 | D:14     | Reached skill level 1 in Translocations
 21457 | D:14     | Reached skill level 10 in Fighting
 21489 | D:14     | Got a slimy ring mail
 21500 | D:14     | Identified the +5 ring mail of the Crypt {Str+3} (You found it on level 14 of the Dungeon)
 21657 | D:14     | Got an ancient helmet
 21729 | D:13     | Identified the cursed +0 helmet "Hufulaf" {rElec rN+} (You found it on level 14 of the Dungeon)
 21856 | D:14     | Reached skill level 2 in Translocations
 22202 | D:14     | Found a gate to the Vaults.
 22411 | D:15     | Entered Level 15 of the Dungeon
 22414 | D:15     | Reached skill level 3 in Translocations
 22562 | D:15     | Paralysed by a giant eyeball for 2 turns
 22831 | D:15     | Reached skill level 4 in Translocations
 22861 | D:15     | Reached skill level 4 in Spellcasting
 23103 | D:15     | elmdor: nice AC
 23120 | D:15     | elmdor: suddenly this chr looks good
 23120 | D:15     | elmdor: just need to brand that qb and you'll be set
 23120 | D:15     | araganzar: I need a source of regen, rpois, rf, and inv
 23120 | D:15     | araganzar: and i'm set
 23152 | D:15     | Found a glowing golden altar of the Shining One.
 23162 | D:15     | elmdor: regen? you're VS.....
 23171 | D:15     | araganzar: yes
 23171 | D:15     | elmdor: and you dont need rF+ till endgame
 23171 | D:15     | araganzar: and this regen is incredibly helpful
 23171 | D:15     | araganzar: I need rf RIGHT FUCKING NOW
 23171 | D:15     | araganzar: really
 23171 | D:15     | araganzar: you don't need any rf
 23171 | D:15     | elmdor: too bad you have no hexes
 23171 | D:15     | araganzar: untilt he endgame
 23171 | D:15     | araganzar: I have no ANYTHING
 23196 | D:15     | Reached XP level 16. HP: 75/86 MP: 24/24
 23197 | D:15     | Reached skill level 6 in Armour
 23197 | D:15     | Reached skill level 1 in Charms
 23275 | D:15     | araganzar: well
 23275 | D:15     | araganzar: the lightning rod is nioce
 23339 | D:15     | Found a burning altar of Makhleb.
 23341 | D:15     | araganzar: WWWWHAHOTOTOAOTOA
 23341 | D:15     | araganzar: I was just thinking
 23341 | D:15     | araganzar: why can't I ever find these on a character that does QB
 23436 | D:15     | araganzar: lol holy shit
 23436 | D:15     | araganzar: holy fucking shit
 23572 | D:15     | Found a staircase to the Depths.
 23654 | D:15     | araganzar: ??gyre
 23654 | D:15     | beem: gyre and gimble[1/1]: A pair of +5 vorpal {quick blade}s. Essentially gives you a double-attack every time you swing them. Takes both of your hands to wield, of course!
 23924 | Swamp:1  | Entered Level 1 of the Swamp
 24209 | Swamp:1  | Learned a level 2 spell: Corpse Rot
 24257 | Swamp:1  | araganzar: ??lightning_rod
 24257 | Swamp:1  | beem: lightning rod[1/2]: Fires a thunderbolt like a regular beam, then when evoked again fires lightning in the space between the first and second beams. Does not multizap.
 24257 | Swamp:1  | araganzar: ??lightning_rod[2
 24257 | Swamp:1  | beem: lightning rod[2/2]: Quite variable in cost and damage: does more damage and costs less when the resultant spread is smaller. It does good damage if you don't make much of a large spread. Accuracy on all but the first shot is absurdly high.
 24351 | Swamp:1  | Reached skill level 5 in Spellcasting
 24637 | Swamp:2  | Found a frozen archway.
 24645 | IceCv    | Entered an ice cave
 24930 | IceCv    | Reached skill level 11 in Dodging
 25131 | IceCv    | Got a faintly glowing demon trident
 25188 | IceCv    | Reached skill level 5 in Translocations
 25252 | IceCv    | Identified the +8 demon trident of Wyrd {vamp, *Contam MR+ Stlth+} (You found it in an ice cave)
 25647 | Swamp:2  | Noticed Frances
 25650 | Swamp:2  | Killed Frances
 25650 | Swamp:2  | Reached skill level 11 in Fighting
 25650 | Swamp:2  | Reached skill level 7 in Armour
 25675 | Swamp:2  | Reached skill level 6 in Spellcasting
 26154 | Swamp:3  | Got a jewelled buckler
 26161 | Swamp:3  | Identified the +1 buckler "Dyufifaitsi" {MR- Dex+4 SInv} (You found it on level 3 of the Swamp)
 26417 | Swamp:3  | Reached skill level 13 in Stealth
 26816 | Swamp:4  | Entered Level 4 of the Swamp
 26961 | Swamp:4  | Reached skill level 10 in Evocations
 27042 | Swamp:4  | Got a glittering brass ring
 27063 | Swamp:4  | Identified the ring of Spite {*Contam rC+ Str+5} (You found it on level 4 of the Swamp)
 27201 | Swamp:4  | Reached XP level 17. HP: 88/91 MP: 27/27
 27932 | Swamp:4  | Reached skill level 8 in Armour
 28062 | Swamp:4  | Got a decaying rune of Zot
 28642 | Orc:2    | Blomdor: shyly peeks in
 28642 | Orc:2    | Bought the +2 pearl dragon armour of the Tormentor {rN+ Str+4 Dex+4} for 1837 gold pieces
 28652 | Orc:2    | Blomdor: Pretty nice stuff I must say
 28652 | Orc:2    | araganzar: I gotta wear the SWDA
 28652 | Orc:2    | araganzar: beacuse fucking spider
 28652 | Orc:2    | Blomdor: :/ urrrgh
 28652 | Orc:2    | araganzar: just figuring out how much to enchant it
 28652 | Orc:2    | araganzar: maybe not at all
 28786 | Lair:1   | araganzar: I can survive spider with AC23
 28789 | Lair:1   | Blomdor: I'd be too cheap myself but sometimes the end vault throws moths of wrath in and then a small mistake could lead to...issues at low AC. Mostly though, yeah
 28789 | Lair:1   | Blomdor: I think 23's enough for Spider
 28789 | Lair:1   | araganzar: I ahve dith
 28789 | Lair:1   | Blomdor: Oooh
 28790 | Lair:1   | Blomdor: That helps
 28790 | Lair:1   | araganzar: there is my issue too
 28790 | Lair:1   | araganzar: so basically i have no rpois no rf
 28790 | Lair:1   | araganzar: in fucking crawl
 28790 | Lair:1   | araganzar: with a rune
 28853 | Spider:1 | Entered Level 1 of the Spider Nest
 29760 | Spider:1 | Blomdor: That is going to really really suck if you still have neither in decent form after this
 29827 | Spider:1 | Blomdor: RNG have mercy please
 30270 | Spider:2 | Reached skill level 14 in Stealth
 30491 | Spider:2 | Reached skill level 7 in Spellcasting
 30624 | Spider:2 | Noticed Agnes
 30632 | Spider:2 | araganzar: ffffff
 30632 | Spider:2 | Blomdor: Not good
 30638 | Spider:2 | araganzar: CHRIST
 30638 | Spider:2 | araganzar: THIS HO
 30641 | Spider:2 | araganzar: laj of speed
 30642 | Spider:2 | Killed Agnes
 30667 | Spider:2 | Blomdor: Nice
 31128 | Spider:3 | araganzar: Nam no rf or rpois love on S1-S2
 31249 | Spider:3 | Reached skill level 12 in Fighting
 31249 | Spider:3 | Reached skill level 9 in Armour
 31277 | Spider:3 | Got a twisted hunting sling
 31281 | Spider:3 | Identified the +2 hunting sling "Isumihun" {venom, rC- Str+7 Dex+3} (You found it on level 3 of the Spider Nest)
 32411 | Spider:4 | Entered Level 4 of the Spider Nest
 32412 | Spider:4 | elmdor: oh nice
 32412 | Spider:4 | elmdor: g&g
 32412 | Spider:4 | elmdor: makes up for your earlier shit luck
 32412 | Spider:4 | araganzar: yes but I have no invis, rf, or rpois
 32412 | Spider:4 | araganzar: so no
 32412 | Spider:4 | araganzar: i am not happy
 32413 | Spider:4 | araganzar: well I have rpois right now because wearing +0 SwDA
 32413 | Spider:4 | elmdor: so you've checked every ego armor?
 32413 | Spider:4 | elmdor: oh
 32413 | Spider:4 | araganzar: lol ego armour whats that
 32413 | Spider:4 | elmdor: then you're fune!!
 32413 | Spider:4 | elmdor: *fine
 32413 | Spider:4 | araganzar: No elmdor
 32413 | Spider:4 | araganzar: I am not fine
 32413 | Spider:4 | araganzar: I am about to start vaults or depths
 32413 | Spider:4 | araganzar: with no rf and either shit def for no other egos or no rpois
 32413 | Spider:4 | araganzar: which might as well be a death sentence
 32413 | Spider:4 | araganzar: eventually I gotta have rf
 32413 | Spider:4 | araganzar: need it for elf, vaults, depths
 32423 | Spider:4 | araganzar: oh I got a ring of fire
 32423 | Spider:4 | araganzar: that might be doable
 32495 | Spider:4 | elmdor: there's that chain mail of rF+\
 32518 | Spider:4 | araganzar: dude
 32518 | Spider:4 | araganzar: the whole point
 32518 | Spider:4 | araganzar: is to not be relying on body armor
 32518 | Spider:4 | araganzar: for defense
 32518 | Spider:4 | araganzar: i mean resists
 32518 | Spider:4 | araganzar: because
 32614 | Spider:4 | Reached XP level 18. HP: 98/98 MP: 30/30
 32762 | Spider:4 | Reached skill level 8 in Spellcasting
 32792 | Spider:4 | araganzar: plus can't give up rpois for rf
 33425 | Spider:4 | Got a gossamer rune of Zot
 33620 | Spider:3 | Reached skill level 15 in Stealth
 33941 | Spider:3 | Reached skill level 9 in Spellcasting
 34076 | Lair:1   | Upgraded the game from 0.19-a0-1081-g506d7b7 to 0.19-a0-1091-g463c9de
 34194 | Elf:1    | Entered Level 1 of the Elven Halls
 34224 | Elf:1    | Found a magical portal.
 34233 | WizLab   | Entered The Hall of the Hellbinder
 34325 | WizLab   | Noticed Sunlof
 34327 | WizLab   | Found a burning altar of Makhleb.
 34332 | WizLab   | Killed Sunlof the Hellbinder
 34357 | WizLab   | Identified a +3 rod of shadows (9/9) (You found it in a wizard's laboratory)
 34361 | WizLab   | Identified the Almanac of Calling
 34389 | WizLab   | Identified the Collected Works on Summoning
 34532 | Elf:1    | Reached skill level 10 in Armour
 34559 | Elf:1    | Reached skill level 13 in Fighting
 34609 | Elf:1    | Reached skill level 12 in Dodging
 34886 | Elf:1    | Found Semiull's General Store.
 35086 | Elf:1    | Noticed Roxanne
 35132 | Elf:1    | Killed Roxanne
 35134 | Elf:1    | Identified Roxanne's Handbook of the Mountains (You took it off Roxanne on level 1 of the Elven Halls)
 35267 | Elf:1    | Identified Sif Muna's Papyrus of Confrontation and the Escort
 35379 | Elf:2    | Noticed Jorgrun
 35558 | Elf:2    | Found a runed gate.
 35558 | Elf:2    | Found a runed gate.
 35559 | Elf:2    | Found a runed gate.
 35573 | Elf:2    | Reached XP level 19. HP: 105/105 MP: 33/33
 35833 | Elf:2    | Reached skill level 11 in Armour
 35853 | Elf:2    | Killed Jorgrun
 36022 | Elf:2    | Reached skill level 14 in Fighting
 36368 | Elf:3    | Entered Level 3 of the Elven Halls
 36461 | Elf:3    | Reached skill level 13 in Dodging
 36580 | Elf:3    | Noticed Bai Suzhen
 36619 | Elf:3    | Killed Bai Suzhen
 37473 | Elf:3    | Reached skill level 12 in Armour
 37529 | Elf:3    | Reached XP level 20. HP: 112/112 MP: 34/34
 37685 | Elf:3    | Got a twisted ring mail
 37719 | Elf:3    | Identified the +2 ring mail of Surprise {+Fly} (You took it off a deep elf master archer on level 3 of the Elven Halls)
 37828 | Elf:3    | Got an obsidian-encrusted scale mail
 37938 | Elf:3    | Got a pitted iron ring
 38000 | Elf:3    | Identified the +4 scale mail of the Cockatrice {MP+9 Str+3 Dex+4} (You took it off a deep elf blademaster on level 3 of the Elven Halls)
 38011 | Elf:3    | Identified the ring of the Komtur {*Tele +Blink rF- Int+5} (You took it off a deep elf master archer on level 3 of the Elven Halls)
 38064 | Elf:3    | Got an iridescent rapier {pierce}
 38071 | Elf:3    | Identified the +5 rapier of Tumult {pierce, Str+4} (You took it off a deep elf annihilator on level 3 of the Elven Halls)
 38176 | Elf:3    | Identified the Guide on the Snowflakes and Shape Shifting (You found it on level 3 of the Elven Halls)
 38180 | Elf:3    | Identified Sif Muna's Grimoire of the Oath and Confrontation
 38186 | Elf:3    | Identified the Guide on Excruciating Ignition
 38189 | Elf:3    | Identified the Handbook of Boosting Evil
 38193 | Elf:3    | Learned a level 2 spell: Repel Missiles
 38491 | Elf:3    | Learned a level 3 spell: Dazzling Spray
 38828 | Vaults:1 | Entered Level 1 of the Vaults
 38949 | Vaults:1 | Reached skill level 1 in Air Magic
 38951 | Vaults:1 | Reached skill level 2 in Charms
 39149 | Vaults:1 | Found a flickering gateway to a bazaar.
 39170 | Vaults:1 | Reached skill level 2 in Air Magic
 39248 | Vaults:1 | Reached skill level 14 in Dodging
 39275 | Vaults:1 | Reached skill level 1 in Conjurations
 39282 | Vaults:1 | Reached skill level 1 in Hexes
 39358 | Vaults:1 | Reached skill level 2 in Conjurations
 39358 | Vaults:1 | Reached skill level 2 in Hexes
 39762 | Bazaar   | Entered a bazaar
 39762 | Bazaar   | Found Ohirroape's Distillery.
 39764 | Bazaar   | Found Fuxonn's Weapon Emporium.
 39785 | Bazaar   | Found Ihayroan's Jewellery Shoppe.
 39794 | Bazaar   | Found Hakof's Magic Scroll Emporium.
 39823 | Bazaar   | Bought a scroll of recharging for 76 gold pieces
 39823 | Bazaar   | Bought a scroll of recharging for 76 gold pieces
 39847 | Bazaar   | Bought a potion of might for 68 gold pieces
 40293 | Vaults:1 | Reached skill level 3 in Hexes
 40711 | Vaults:2 | Found Hysy's Antique Armour Boutique.
 40751 | Vaults:2 | Noticed a bone dragon
 40753 | Vaults:2 | Found a staircase to the Crypt.
 40780 | Vaults:2 | Killed a bone dragon
 40780 | Vaults:2 | Reached skill level 3 in Conjurations
 41013 | Vaults:2 | Noticed Sojobo
 41079 | Vaults:2 | Reached skill level 4 in Hexes
 41096 | Vaults:2 | Reached skill level 4 in Conjurations
 41148 | Vaults:2 | Got a twisted quarterstaff
 41336 | Vaults:2 | Reached XP level 21. HP: 113/116 MP: 35/35
 41441 | Vaults:2 | Killed Sojobo
 41472 | Vaults:2 | Killed the ghostly Sojobo
 41489 | Vaults:2 | Reached skill level 5 in Hexes
 41759 | Vaults:3 | Reached skill level 5 in Conjurations
 41792 | Vaults:3 | Reached skill level 13 in Armour
 41999 | Vaults:3 | Got a fine scale mail
 42000 | Vaults:3 | Identified the +0 scale mail "Wugufeg" {+Blink Str+6} (You found it on level 3 of the Vaults)
 42068 | Vaults:3 | Reached skill level 6 in Hexes
 42098 | Vaults:3 | Reached skill level 6 in Conjurations
 43067 | Vaults:4 | Reached skill level 15 in Dodging
 43084 | Vaults:4 | Reached skill level 7 in Conjurations
 43084 | Vaults:4 | Reached skill level 7 in Hexes
 43145 | Vaults:4 | Found Sian's Food Shoppe.
 43698 | Vaults:4 | Reached XP level 22. HP: 121/121 MP: 36/36
 44181 | Lair:1   | Learned a level 3 spell: Mephitic Cloud
 44186 | Lair:1   | Learned a level 4 spell: Cause Fear
 44192 | Lair:1   | Learned a level 5 spell: Silence
 44402 | Crypt:1  | Entered Level 1 of the Crypt
 44506 | Crypt:1  | Reached skill level 1 in Poison Magic
 44554 | Crypt:1  | Noticed Boris
 44570 | Crypt:1  | Killed Boris
 44603 | Crypt:1  | Reached skill level 3 in Air Magic
 44659 | Crypt:1  | Reached skill level 2 in Poison Magic
 45159 | Crypt:2  | Reached skill level 3 in Poison Magic
 45264 | Crypt:2  | Reached skill level 4 in Air Magic
 45478 | Crypt:2  | Reached skill level 14 in Armour
 45478 | Crypt:2  | Reached skill level 4 in Poison Magic
 45729 | Crypt:2  | Got an ancient glaive
 45952 | Crypt:3  | Entered Level 3 of the Crypt
 45989 | Crypt:3  | Reached skill level 5 in Air Magic
 46283 | Crypt:3  | Noticed Boris
 46286 | Crypt:3  | Killed Boris
 46286 | Crypt:3  | Reached skill level 5 in Poison Magic
 46318 | Crypt:3  | Noticed Jory
 46362 | Crypt:3  | Killed Jory
 46633 | Crypt:3  | Found a staircase to the Tomb.
 46793 | Crypt:3  | Reached skill level 15 in Fighting
 46969 | Crypt:3  | Noticed a profane servitor
 46999 | Crypt:3  | Killed a profane servitor
 47169 | Crypt:3  | Reached XP level 23. HP: 126/126 MP: 37/37
 47330 | Crypt:3  | Found an ancient bone altar of Kikubaaqudgha.
 47342 | Crypt:3  | Found a basalt altar of Yredelemnul.
 47375 | Crypt:3  | Got a twisted trident
 47379 | Crypt:3  | Got an ivory hand axe
 47382 | Crypt:3  | Got a bloodstained mace
 47411 | Crypt:3  | Got a bound iron amulet
 47411 | Crypt:3  | Got an ancient bronze amulet
 47411 | Crypt:3  | Got a fine glass ring
 47417 | Crypt:3  | Got a fine long sword
 47418 | Crypt:3  | Identified the +5 long sword of Yredelemnul's Anger {pain, rC+ Stlth+} (You found it on level 3 of the Crypt)
 47423 | Crypt:3  | Got a crude great sword
 47424 | Crypt:3  | Identified the +7 great sword "Kuocotie" {venom, Stlth+} (You found it on level 3 of the Crypt)
 47432 | Crypt:3  | Identified the amulet "Ynka" {rElec rF+ Regen+ Slay+2} (You found it on level 3 of the Crypt)
 47433 | Crypt:3  | Identified the amulet of Atic {Fragile rPois rF++ Regen+ MP+9} (You found it on level 3 of the Crypt)
 47435 | Crypt:3  | Identified the ring of Naaqush {+Fly rF+ rC+ rN+ Stlth-} (You found it on level 3 of the Crypt)
 47453 | Crypt:3  | Noticed a curse toe
 47472 | Crypt:3  | Killed a curse toe
 47556 | Crypt:3  | Reached skill level 10 in Spellcasting
 47822 | D:9      | Got a pair of ancient gloves
 47833 | D:9      | Identified the +0 pair of gloves "Xeelec" {+Blink Int+3} (You acquired it on level 9 of the Dungeon)
 47868 | Lair:1   | araganzar: ??singing
 47868 | Lair:1   | beem: I don't have a page labeled singing in my learndb.
 47868 | Lair:1   | araganzar: ??singing_sword
 47868 | Lair:1   | beem: singing sword[1/3]: Unbranded +7 double sword that makes noises. Makes more noise and becomes "screaming sword" at high tension, dealing "sonic" (irresistable) damage to every enemy in LOS.
 47868 | Lair:1   | araganzar: ??singing_sword[2
 47868 | Lair:1   | beem: singing sword[2/3]: apparently there is a 0.000060672 chance of any one screaming sword scream being "LET'S FONDLE THE SPERM WHALES, FONDLE THEM!"
 47868 | Lair:1   | araganzar: ??singing_sword[3
 47868 | Lair:1   | beem: singing sword[3/3]: https://www.youtube.com/watch?v=6u8wBfDtZkE
 48046 | Depths:1 | Entered Level 1 of the Depths
 48180 | Depths:1 | Reached skill level 16 in Dodging
 48211 | Depths:1 | Upgraded the game from 0.19-a0-1091-g463c9de to 0.19-a0-1100-g56b2fe9
 48211 | Depths:1 | Upgraded the game from 0.19-a0-1100-g56b2fe9 to 0.19-a0-1109-g16db51f
 48211 | Depths:1 | Upgraded the game from 0.19-a0-1109-g16db51f to 0.19-a0-1206-g6bcb79c
 48211 | Depths:1 | jacquesderrida: Immeadiate arazanger
 48211 | Depths:1 | Upgraded the game from 0.19-a0-1206-g6bcb79c to 0.19-a0-1225-gf887c1c
 48211 | Depths:1 | Upgraded the game from 0.19-a0-1225-gf887c1c to 0.19-a0-1239-gbb8a913
 48219 | Depths:1 | Found a one-way gate to the infinite horrors of the Abyss.
 48419 | Depths:1 | Reached skill level 10 in Long Blades
 49444 | Depths:2 | Found a gateway to a ziggurat.
 49586 | Depths:2 | Reached skill level 15 in Armour
 49883 | Depths:2 | Reached skill level 8 in Hexes
 50168 | Depths:2 | Reached skill level 6 in Air Magic
 50599 | Depths:3 | Reached XP level 24. HP: 127/133 MP: 38/38
 50655 | Depths:3 | Reached skill level 16 in Fighting
 50669 | Depths:2 | Reached skill level 11 in Long Blades
 50672 | Depths:2 | Reached skill level 9 in Hexes
 50866 | Depths:3 | Reached skill level 7 in Air Magic
 51028 | Depths:3 | Got a polished spear
 51032 | Depths:3 | Got a brightly glowing diamond amulet
 51038 | Depths:3 | Identified the amulet of Lies {Inacc +Inv} (You found it on level 3 of the Depths)
 51103 | Depths:3 | Noticed Louise
 51119 | Depths:3 | Killed Louise
 51315 | Depths:3 | Found a one-way gate leading to the halls of Pandemonium.
 52143 | Depths:4 | Reached skill level 10 in Hexes
 52192 | Depths:4 | Reached skill level 8 in Air Magic
 52202 | Depths:4 | Got a fine robe
 52203 | Depths:4 | Identified the cursed +0 robe of the Sea {+Fly} (You found it on level 4 of the Depths)
 52498 | Depths:4 | Found a glowing silver altar of Zin.
 52691 | Depths:4 | Reached skill level 17 in Dodging
 52741 | Depths:4 | Found an ancient bone altar of Kikubaaqudgha.
 52749 | Depths:4 | Reached skill level 11 in Evocations
 52818 | Depths:4 | Reached skill level 12 in Long Blades
 52930 | Depths:4 | Reached XP level 25. HP: 137/137 MP: 38/38
 53006 | Depths:4 | Found an iron altar of Okawaru.
 53044 | Depths:4 | Found a basalt altar of Yredelemnul.
 53117 | Depths:4 | Noticed a juggernaut
 53129 | Depths:4 | Noticed a juggernaut
 53161 | Depths:4 | Killed a juggernaut
 53162 | Depths:4 | Killed a juggernaut
 53187 | Depths:4 | Reached skill level 11 in Hexes
 53390 | Depths:4 | Got a sparkling ivory amulet
 53446 | Depths:4 | Identified the amulet of Coreuh {Harm *Drain Dex+5} (You took it off a tengu warrior on level 4 of the Depths)
 53455 | Depths:4 | Got a faintly glowing cloak
 53466 | Depths:4 | Identified the +0 cloak of Lumpoyxu {rF+} (You found it on level 4 of the Depths)
 53591 | Depths:4 | Gained mutation: Your skin changes colour to match your surroundings (Stealth+). [potion of beneficial mutation]
 53727 | Depths:5 | Entered Level 5 of the Depths
 53830 | Depths:5 | Reached skill level 11 in Spellcasting
 54115 | Depths:5 | Found a gate to the Realm of Zot.
 54351 | Depths:5 | Reached skill level 9 in Air Magic
 54363 | Depths:5 | Reached skill level 12 in Hexes
 54387 | Depths:5 | Got an ancient arbalest
 54743 | Depths:5 | Reached skill level 13 in Long Blades
 54843 | Depths:5 | Noticed an ancient lich
 54885 | Depths:5 | Killed an ancient lich
 54928 | Depths:5 | Reached XP level 26. HP: 138/142 MP: 39/39
 55058 | Depths:5 | Reached skill level 12 in Spellcasting
 55150 | Depths:5 | Reached skill level 10 in Air Magic
 55225 | Depths:5 | Identified the Grimoire of the Crushed Dances
 55325 | Depths:5 | Noticed Mennas
 55427 | Depths:5 | Killed Mennas
 55735 | Lair:1   | Learned a level 6 spell: Invisibility
 55737 | Lair:1   | Learned a level 1 spell: Summon Butterflies
 55742 | Lair:1   | Learned a level 4 spell: Passage of Golubria
 55748 | Lair:1   | Learned a level 5 spell: Summon Mana Viper
 55753 | Lair:1   | Learned a level 4 spell: Summon Lightning Spire
 56202 | Vaults:5 | Entered Level 5 of the Vaults
 56232 | Vaults:5 | Reached skill level 1 in Summonings
 56239 | Vaults:5 | Noticed an ancient lich
 56280 | Vaults:5 | Killed an ancient lich
 56338 | Vaults:5 | Upgraded the game from 0.19-a0-1239-gbb8a913 to 0.19-a0-1254-gb9c29c0
 56350 | Vaults:5 | Reached skill level 2 in Summonings
 56450 | Vaults:5 | Reached skill level 13 in Hexes
 56473 | Vaults:5 | Reached skill level 3 in Summonings
 56534 | Vaults:5 | Got a fine plate armour
 56590 | Vaults:5 | Got a silver rune of Zot
 56747 | Vaults:5 | Reached skill level 4 in Summonings
 56772 | Vaults:5 | Noticed Frederick
 56792 | Vaults:5 | Killed Frederick
 56908 | Vaults:5 | Reached skill level 14 in Long Blades
 56945 | Vaults:5 | Reached skill level 13 in Spellcasting
 57018 | Vaults:5 | Reached skill level 5 in Summonings
 57182 | Vaults:5 | Got a coiled turquoise ring
 57261 | Vaults:5 | Got a slimy great sword {freeze}
 57264 | Vaults:5 | Identified the cursed +1 great sword of Wrath {freeze, rF+} (You took it off an ironbrand convoker on level 5 of the Vaults)
 57385 | Vaults:5 | Reached skill level 6 in Summonings
 57446 | Vaults:5 | Reached skill level 14 in Hexes
 57540 | Vaults:5 | Reached XP level 27. HP: 144/147 MP: 41/41
 57772 | Vaults:5 | Reached skill level 7 in Summonings
 57980 | Vaults:5 | Noticed an ancient lich
 58180 | Vaults:5 | Killed an ancient lich
 58180 | Vaults:5 | Reached skill level 6 in Translocations
 58794 | Vaults:5 | Identified the ring "Ysen" {rF+ rN+ MR- Int+3 Dex+4 SInv} (You took it off a yaktaur on level 5 of the Vaults)
 59192 | Lair:1   | Learned a level 5 spell: Summon Forest
 59205 | Lair:1   | Learned a level 5 spell: Metabolic Englaciation
 59208 | Lair:1   | Learned a level 2 spell: Passwall
 59286 | D:11     | Killed Mekire's ghost
 59525 | Vaults:2 | Noticed Xtahua
 59528 | Vaults:2 | Killed Xtahua
 59528 | Vaults:2 | Reached skill level 1 in Ice Magic
 60144 | Lair:5   | Reached skill level 2 in Ice Magic
 60433 | Slime:1  | Entered Level 1 of the Pits of Slime
 60451 | Slime:2  | Reached skill level 7 in Translocations
 60529 | Slime:3  | Reached skill level 15 in Hexes
 60646 | Slime:5  | Entered Level 5 of the Pits of Slime
 60683 | Slime:5  | Reached skill level 3 in Ice Magic
 60691 | Slime:5  | Found a viscous altar of Jiyva.
 60694 | Slime:5  | Noticed the Royal Jelly
 60719 | Slime:5  | Killed the Royal Jelly
 60826 | Slime:5  | Gained mutation: You tend to lose your temper in combat. [a shining eye]
 60984 | Slime:5  | Got a slimy rune of Zot
 61033 | Slime:5  | Reached skill level 4 in Ice Magic
 61058 | Slime:5  | Identified Ycluvuqu's Handbook of Twisted Stones
 61079 | Slime:5  | Identified a +8 rod of ignition (14/14) (You found it on level 5 of the Pits of Slime)
 61148 | Slime:5  | Reached skill level 8 in Summonings
 61605 | Zot:1    | Entered Level 1 of the Realm of Zot
 62003 | Lair:1   | Lost mutation: You tend to lose your temper in combat. [potion of cure mutation]
 62003 | Lair:1   | Lost mutation: You have large cloven feet. [potion of cure mutation]
 62277 | Zot:1    | Elitist: Sup weeb.
 62277 | Zot:1    | araganzar: hi
 62288 | Zot:1    | Reached skill level 8 in Translocations
 62500 | Zot:2    | Reached skill level 5 in Ice Magic
 62524 | Zot:3    | Elitist: How's Gayer And Gimbutt going?
 62525 | Zot:3    | Elitist: (Wow, look at my sick burns.)
 62525 | Zot:3    | Elitist: Pranked.
 62525 | Zot:3    | araganzar: oooh this vault
 62724 | Zot:3    | Reached skill level 9 in Summonings
 62789 | Zot:3    | Elitist: Ooh, kill em.
 62792 | Zot:3    | Elitist: How're the daggers btw?
 62811 | Zot:3    | araganzar: stupid on a vs
 62904 | Zot:3    | jacquesderrida: Organazer
 62911 | Zot:4    | Reached skill level 16 in Armour
 62912 | Zot:4    | araganzar: hullo
 62921 | Zot:4    | jacquesderrida: Helo...
 62923 | Zot:4    | Reached skill level 6 in Ice Magic
 62929 | Zot:4    | Got a smoking scale mail
 62930 | Zot:4    | Identified the cursed +1 scale mail "Folit" {rF+ Str+4} (You found it on level 4 of the Realm of Zot)
 62937 | Zot:4    | Elitist: The only thing about this game that's stupid is me.
 63000 | Zot:2    | Reached skill level 9 in Translocations
 63092 | Zot:2    | Reached skill level 1 in Earth Magic
 63096 | Zot:2    | Reached skill level 1 in Transmutations
 63177 | Zot:2    | Reached skill level 2 in Transmutations
 63177 | Zot:2    | Reached skill level 2 in Earth Magic
 63755 | Zot:2    | Reached skill level 3 in Transmutations
 63757 | Zot:2    | Reached skill level 3 in Earth Magic
 64094 | Zot:2    | Reached skill level 7 in Ice Magic
 64419 | Zot:3    | Elitist: araganzer if you ascend with IDA I'll sin for you.
 64458 | Zot:4    | Reached skill level 10 in Summonings
 64461 | Zot:4    | Reached skill level 17 in Fighting
 64645 | Zot:5    | Entered Level 5 of the Realm of Zot
 65091 | Zot:5    | Elitist: GL, I gotta throw a game.
 65176 | Zot:5    | Noticed an orb of fire
 65176 | Zot:5    | araganzar: uh oh
 65195 | Zot:5    | Killed an orb of fire
 65195 | Zot:5    | Reached skill level 11 in Summonings
 65204 | Zot:5    | araganzar: ffffff
 65226 | Zot:5    | araganzar: fffffffffffffff
 65226 | Zot:5    | araganzar: perm tport and zot
 65226 | Zot:5    | araganzar: and I have a fragile neck
 65230 | Zot:5    | Noticed an orb of fire
 65233 | Zot:5    | Gained mutation: You are clumsy. (Dex -2) [an orb of fire]
 65239 | Zot:5    | Noticed an ancient lich
 65239 | Zot:5    | Elitist: Okay, can't access my game.
 65243 | Zot:5    | Elitist: This is, pretty spectacular.
 65248 | Zot:5    | Elitist: Also sick we Zottin'.
 65251 | Zot:5    | Killed an orb of fire
 65276 | Zot:5    | Killed an ancient lich
 65285 | Zot:5    | araganzar: I have no stasis
 65286 | Zot:5    | Noticed an ancient lich
 65287 | Zot:5    | Noticed an orb of fire
 65288 | Zot:5    | Elitist: Y-You're in Trunk.
 65293 | Zot:5    | Noticed an ancient lich
 65297 | Zot:5    | araganzar: fffffff
 65297 | Zot:5    | araganzar: so?
 65297 | Zot:5    | araganzar: you mean I can just blink?
 65297 | Zot:5    | Elitist: No, you. Can't have stasis.
 65297 | Zot:5    | araganzar: hmmmmmmm
 65297 | Zot:5    | araganzar: oh
 65297 | Zot:5    | Elitist: Stasis ain't an amulet,
 65297 | Zot:5    | araganzar: well I couldn't wear it anyway
 65299 | Zot:5    | araganzar: ok NOW WE HAVE EVERYTHING
 65302 | Zot:5    | Gained mutation: You have large cloven feet. [an orb of fire]
 65303 | Zot:5    | Killed an ancient lich
 65309 | Zot:5    | araganzar: ow?
 65319 | Zot:5    | Killed an ancient lich
 65319 | Zot:5    | Reached skill level 18 in Dodging
 65334 | Zot:5    | Killed an orb of fire
 65345 | Zot:5    | araganzar: ffffff
 65376 | Zot:5    | Reached skill level 17 in Armour
 65405 | Zot:5    | Reached skill level 12 in Summonings
 65459 | Zot:5    | Reached skill level 18 in Fighting
 65501 | Zot:5    | araganzar: time for SINGING SWORD ASCENSION
 65558 | Zot:5    | Got the Orb of Zot
 65639 | Zot:5    | Noticed an ancient lich
 65774 | Zot:3    | Razuka: hey does DCSS allow dual-wielding?
 65776 | Zot:2    | araganzar: yes of course
 65776 | Zot:2    | araganzar: see my weapons?
 65784 | Zot:2    | Razuka: but they're special
 65803 | Depths:5 | Razuka: kind of
 65843 | Depths:3 | Noticed a seraph
 65848 | Depths:2 | araganzar: but it does allow it
 65848 | Depths:2 | araganzar: in this case
 65867 | Depths:1 | Noticed Poink the pandemonium lord
 65901 | Depths:1 | Razuka: and with mundane weapons?
 65901 | Depths:1 | araganzar: oh no
 65901 | Depths:1 | Razuka: sad
 65901 | Depths:1 | Razuka: maybe
 65924 | Depths:1 | Noticed Pimokil the pandemonium lord
 65976 | D:15     | Killed Pimokil the pandemonium lord
 66155 | D:5      | Noticed Wapros the pandemonium lord
 66179 | D:5      | Killed Wapros the pandemonium lord
 66321 | D:$      | Escaped with the Orb!

Vanquished Creatures
  the Royal Jelly (Slime:5)
  3 orbs of fire (Zot:5)
  Mennas (Depths:5)
  6 ancient liches
  2 pandemonium lords
  2 juggernauts (Depths:4)
  Sojobo (Vaults:2)
  Boris (twice) (Crypt:1 Crypt:3)
  Bai Suzhen (Elf:3)
  Frederick (Vaults:5)
  2 Killer Klowns (Zot:5)
  9 golden dragons
  Xtahua (Vaults:2)
  3 curse toes
  Jory (Crypt:3)
  A profane servitor (Crypt:3)
  A bone dragon (Vaults:2)
  A Hellbinder (WizLab)
  An electric golem (Zot:5)
  Jorgrun (Elf:2)
  19 tentacled monstrosities
  5 liches
  24 Orb Guardians
  Rupert (Lair:6)
  4 deep elf blademasters
  3 deep elf master archers (Elf:3)
  10 sphinxes
  5 titans
  A quicksilver dragon (Depths:4)
  2 death cobs
  9 acid blobs (Slime:5)
  Frances (Swamp:2)
  Agnes (Spider:2)
  Gastronok (Orc:1)
  8 ancient champions
  2 draconian monks
  10 storm dragons
  8 tengu reavers
  Roxanne (Elf:1)
  14 shadow dragons
  12 fire giants
  2 revenants (Crypt:3)
  5 azure jellies
  An iron dragon (Depths:4)
  15 frost giants
  7 deep elf sorcerers
  A draconian knight (Zot:2)
  A balrug (Depths:4)
  A draconian shifter (Zot:2)
  Louise (Depths:3)
  4 ghost moths
  4 emperor scorpions
  A cacodemon (WizLab)
  3 draconian zealots
  An orc warlord (Orc:2)
  9 draconian scorchers
  18 vault wardens
  3 deep elf elementalists
  4 draconian callers
  2 draconian annihilators
  12 ironheart preservers
  A juggernaut skeleton (Crypt:1)
  A spriggan defender (Depths:3)
  2 reapers
  4 ghouls
  21 very ugly things
  33 stone giants
  6 war gargoyles
  9 green draconians
  2 entropy weavers
  6 vampire knights
  13 deep elf annihilators
  2 yellow draconians
  A spark wasp (shapeshifter) (Vaults:5)
  A lorocyproca (Depths:3)
  3 purple draconians
  11 deep elf demonologists
  9 spark wasps
  4 red draconians
  4 white draconians
  5 black draconians
  4 mottled draconians
  The ghost of jasper the Carver, a journeyman FoAK of Lugonu (Orc:2)
  5 eidola
  3 blizzard demons
  2 mummy priests (Crypt:3)
  21 ettins
  A merfolk javelineer (Depths:1)
  2 crystal guardians (Vaults:3)
  10 deep elf death magi
  3 death oozes
  Josephine (D:12)
  12 yaktaur captains
  9 fire dragons
  13 jiangshi
  11 ogre magi
  10 great orbs of eyes
  10 deep elf high priests
  22 hydras
  28 vault guards
  7 rakshasas
  2 ghost crabs
  A hell beast (Depths:5)
  Harold (D:11)
  18 ice dragons
  A catoblepas (Lair:6)
  5 spriggan air magi
  2 anacondas (shapeshifter) (Vaults:5)
  11 centaur warriors
  9 alligators
  16 deep troll earth magi
  9 death knights
  14 spriggan berserkers
  19 tengu warriors
  The ghost of Mekire the Severer, a journeyman GrBe of Trog (D:11)
  22 dancing weapons
  8 vampire magi
  5 death yaks
  2 orc high priests (Elf:1)
  11 deep troll shamans
  6 soul eaters
  20 deep elf knights
  4 sun demons
  4 small abominations
  5 shadow wraiths
  A titan skeleton (Crypt:1)
  10 iron trolls
  A fire crab (Lair:6)
  4 unseen horrors
  27 skeletal warriors
  A ghost moth zombie (Crypt:2)
  A spark wasp zombie (Crypt:3)
  2 golden dragon zombies (Depths:5)
  2 spriggan druids
  10 flayed ghosts
  11 swamp dragons
  2 quicksilver dragon simulacra (Depths:4)
  5 giant orange brains
  5 wizards
  Pikel (D:6)
  A hill giant (shapeshifter) (D:15)
  34 deep trolls
  14 deep elf archers
  2 tengu zombies (Vaults:3)
  An anubis guard (shapeshifter) (Vaults:1)
  5 necromancers
  4 harpies (Vaults:1)
  12 hill giants
  13 orc knights
  7 phantasmal warriors
  A shambling mangrove (Swamp:4)
  2 stone giant zombies
  16 ironbrand convokers
  15 orb spiders
  An orb spider (shapeshifter) (Depths:2)
  4 orc sorcerers
  A spectral ettin (Crypt:2)
  A shadow dragon skeleton (Crypt:3)
  14 wolf spiders
  4 manticores
  2 human zombies
  4 oklob plants (Lair:5)
  56 ugly things
  16 hornets
  5 griffons
  2 fire giant zombies
  6 cyclopes
  A sphinx skeleton (Crypt:1)
  A manticore (shapeshifter) (Vaults:5)
  69 deep elf magi
  3 frost giant zombies
  2 elf zombies (Depths:5)
  27 moths of wrath
  3 ice statues
  3 elephants (Lair:5)
  2 centaur zombies
  Maurice (Orc:1)
  A shock serpent zombie (Crypt:3)
  A fire giant skeleton (Crypt:3)
  7 black mambas
  A smoke demon (Lair:6)
  5 vault sentinels
  2 torpor snails
  A grey draconian zombie (Crypt:3)
  A gargoyle (D:13)
  An iron dragon skeleton (Crypt:3)
  An eye of devastation (shapeshifter) (Vaults:1)
  6 orange demons
  10 rust devils
  2 eyes of devastation
  3 komodo dragons
  2 yaktaurs (shapeshifter)
  18 spiny frogs
  A yaktaur zombie (Vaults:3)
  4 kobold demonologists
  5 spectral swamp worms (Depths:3)
  3 rime drakes (Lair:6)
  3 efreet
  14 freezing wraiths
  8 demonic crawlers
  A spriggan skeleton (Depths:2)
  38 yaktaurs
  19 ice devils
  3 tengu conjurers
  7 red devils
  A yaktaur skeleton (Depths:1)
  A redback zombie (D:14)
  18 trolls
  4 guardian mummies (Crypt:3)
  2 hellwings
  3 meliai (D:14)
  A troll (shapeshifter) (Depths:3)
  33 jumping spiders
  14 blink frogs
  A two-headed ogre (shapeshifter) (Depths:1)
  5 giant leeches
  26 two-headed ogres
  2 raiju (shapeshifter)
  A harpy skeleton (Crypt:2)
  90 slime creatures
  A tarantella zombie (Crypt:1)
  A wind drake (shapeshifter) (Vaults:5)
  4 ushabtiu (Crypt:3)
  3 ettin zombies
  3 boulder beetles
  7 bog bodies
  A meliai zombie (D:13)
  A frost giant simulacrum (Vaults:3)
  10 air elementals
  10 shadows
  17 tarantellas
  A centaur simulacrum (D:15)
  2 ice dragon skeletons (Crypt:2)
  A deep troll skeleton (Depths:1)
  8 spriggans
  A spriggan (shapeshifter) (Vaults:4)
  A tarantella (shapeshifter) (Vaults:3)
  12 water elementals
  25 wraiths
  A hill giant zombie (Crypt:2)
  A golden eye (shapeshifter) (Elf:1)
  61 redbacks
  A vampire (D:14)
  58 yaks
  A hog (D:8)
  3 chaos spawn
  3 fire elementals
  A human (D:8)
  3 basilisks
  A hippogriff (shapeshifter) (Depths:5)
  6 wargs
  15 vampire mosquitoes
  10 hippogriffs
  A steam dragon (D:14)
  3 mottled dragons
  22 swamp worms
  A harpy simulacrum (Crypt:3)
  18 water moccasins
  6 insubstantial wisps (Swamp:2)
  A deep troll zombie (Vaults:3)
  A spiny frog zombie (Crypt:3)
  A giant eyeball (Depths:2)
  4 porcupines
  A giant eyeball (shapeshifter) (Vaults:5)
  A hydra simulacrum (Crypt:3)
  5 hell hounds
  4 black bears
  66 orc warriors
  A sky beast (D:15)
  12 swamp drakes
  An ice beast (shapeshifter) (Vaults:2)
  3 ettin simulacra (Depths:4)
  6 ice beasts
  2 black bears (shapeshifter)
  An ogre (shapeshifter) (Depths:2)
  An elephant zombie (Crypt:3)
  4 necrophages
  2 phantoms
  19 wasps
  5 eyes of draining
  A ghost crab zombie (Crypt:2)
  10 wolves
  9 boggarts
  55 ogres
  22 centaurs
  A spriggan simulacrum (Depths:2)
  14 crocodiles
  A crocodile (shapeshifter) (D:15)
  An elf simulacrum (Vaults:1)
  2 big kobolds (D:13)
  22 giant frogs
  2 giant frogs (shapeshifter)
  2 wyvern zombies
  2 earth elementals
  A spiny frog simulacrum (Crypt:3)
  3 scorpions
  A water moccasin skeleton (Crypt:3)
  6 killer bees (D:11)
  A yak skeleton (Crypt:3)
  20 wights
  A howler monkey (D:8)
  5 electric eels
  5 crimson imps
  2 giant frog zombies
  31 orc priests
  2 quasits
  15 hounds
  3 jellies
  2 wasp zombies
  8 centaur skeletons
  A giant frog skeleton (D:12)
  An iron imp (Zot:5)
  11 iguanas
  35 orc wizards
  11 worker ants
  A troll simulacrum (Crypt:3)
  20 removed MONS_SHEEPs
  A deep dwarf zombie (Crypt:2)
  A sky beast zombie (Crypt:2)
  A mottled dragon skeleton (Crypt:3)
  A hound zombie (D:3)
  A hound skeleton (Crypt:1)
  A howler monkey zombie (D:9)
  3 worker ant zombies
  6 gnolls
  12 adders
  50 river rats
  A steam dragon skeleton (Crypt:3)
  5 shadow imps
  8 white imps
  3 ufetubi (IceCv)
  A worm (shapeshifter) (D:15)
  2 adder skeletons
  3 worms
  A dart slug (D:2)
  6 giant geckos
  144 orcs
  9 bats
  5 giant cockroaches
  A gnoll zombie (Crypt:2)
  6 goblins
  3 hobgoblins (D:1)
  12 jackals
  5 quokkas
  A ball python (D:1)
  A giant cockroach zombie (Crypt:2)
  A giant gecko zombie (Crypt:1)
  3 giant newts
  A jackal skeleton (D:5)
  11 kobolds
  A quokka skeleton (Crypt:2)
  A quokka zombie (D:7)
  5 rats
  A river rat skeleton (Crypt:3)
  A crawling corpse (Depths:4)
2709 creatures vanquished.

Vanquished Creatures (collateral kills)
  A frost giant (Vaults:4)
  2 shining eyes
  A gargoyle (D:11)
  A rat (D:1)
  A fungus (Lair:5)
6 creatures vanquished.

Vanquished Creatures (others)
  A vampire knight (Depths:5)
  An ice dragon (Zot:3)
  A deep elf mage (Elf:1)
  A moth of wrath (Zot:3)
  A water elemental (Elf:3)
  An ogre (Depths:2)
  A boggart (Vaults:1)
  An orc priest (Elf:1)
  An iguana (D:6)
  A worker ant (D:6)
  3 white imps (IceCv)
  4 ufetubi (IceCv)
  A giant gecko (D:6)
  A bush (Lair:6)
  3 fungi
  4 plants
26 creatures vanquished.

Grand Total: 2741 creatures vanquished
